 Dungeon Crawl Stone Soup version 0.22.1-1-ga44c0e5 (webtiles) character file.

4746 topirishpotato the Basher (level 10, 0/96 HPs)
             Began as a Gargoyle Fighter on Oct 2, 2018.
             Was a High Priest of Okawaru.
             Slain by a porcupine (7 damage)
             ... on level 8 of the Dungeon.
             The game lasted 00:09:02 (5234 turns).

topirishpotato the Basher (Gargoyle Fighter)        Turns: 5234, Time: 00:09:02

Health: 0/96       AC: 25    Str: 17 (20) XL:     10   Next: 46%
Magic:  10/10      EV:  2    Int:  7 (9)  God:    Okawaru [*****.]
Gold:   260        SH:  9    Dex: 10 (12) Spells: 9/9 levels left

rFire    . . .     SeeInvis .   y - +4 flail (protect)
rCold    . . .     Gourm    .   c - +0 shield
rNeg     + + +     Faith    .   (armour currently unavailable)
rPois    ∞         Spirit   .   (helmet currently unavailable)
rElec    .         Reflect  .   (cloak currently unavailable)
rCorr    .         Harm     .   (gloves currently unavailable)
MR       .....     Clarity  +   (boots currently unavailable) Stlth +.........NoTele +
                                (no amulet)
HPRegen  0.26/turn              q - +3 ring of evasion
MPRegen  0.12/turn              (no ring)

@: tree-form, berserk cooldown, slowed, very slow
A: blurry vision 1, clarity, negative energy resistance 1, petrification
resistance, rot immunity, AC +7
a: Heroism, Finesse, Renounce Religion


You were on level 8 of the Dungeon.
You worshipped Okawaru.
Okawaru was extremely pleased with you.
You were hungry.
You were a tree.
You visited 1 branch of the dungeon, and saw 8 of its levels.

You collected 454 gold pieces.
You spent 194 gold pieces at shops.

Inventory:

Hand Weapons
 a - a +0 flail
 y - a +4 flail of protection (weapon)
Armour
 c - a +0 shield (worn)
 n - a +5 ring mail (melded)
 v - a +2 helmet
Jewellery
 q - a +3 ring of evasion (left branch)
Wands
 A - a wand of random effects (30)
 E - a wand of polymorph (12)
Scrolls
 e - 5 scrolls of remove curse {unknown}
 l - 7 scrolls of immolation {unknown}
 m - 10 scrolls of identify {unknown}
 o - 2 scrolls of enchant armour
 r - a scroll of blinking {unknown}
 t - 2 scrolls of random uselessness {unknown}
 B - 2 scrolls of fog {unknown}
 C - a scroll of amnesia {unknown}
 D - 2 scrolls of fear {unknown}
Potions
 b - a potion of heal wounds {unknown}
 d - 3 potions of might
 h - 2 potions of lignification
 i - 3 potions of degeneration
 j - 4 potions of curing
 k - a potion of berserk rage
 p - 2 potions of ambrosia {unknown}
 s - 3 potions of haste {unknown}
 u - a potion of flight {unknown}
 w - 2 potions of resistance {unknown}
 x - a potion of brilliance {unknown}
 z - a potion of magic {unknown}
Comestibles
 f - 18 rations
 F - a chunk of flesh


   Skills:
 + Level 8.2 Fighting
 + Level 12.1 Maces & Flails
 + Level 6.6 Armour
 - Level 4.0 Shields


You had 9 spell levels left.
You didn't know any spells.
Your spell library contained the following spells:

 Spells                   Type           Power        Failure   Level  Hunger
 Corona                   Hex            #......      88%         1    ##.....
 Magic Dart               Conj           #...         88%         1    ##.....
 Blink                    Tloc           N/A          96%         2    ###....
 Call Imp                 Summ           #.......     96%         2    ###....
 Ensorcelled Hibernation  Hex/Ice        #.....       96%         2    ###....
 Slow                     Hex            #.......     96%         2    ###....
 Confuse                  Hex            #.......     99%         3    ####...
 Conjure Flame            Conj/Fire      #.......     99%         3    ####...
 Dazzling Spray           Conj/Hex       #.....       99%         3    ####...
 Mephitic Cloud           Conj/Pois/Air  #.......     99%         3    ####...
 Tukima's Dance           Hex            #.......     99%         3    ####...


Dungeon Overview and Level Annotations

Branches:
Dungeon (8/15)             Temple (0/1) D:6            Lair (0/6) D:8

Altars:
Cheibriados
Dithmenos
Elyvilon
Makhleb
Okawaru
Qazlal
Ru
Sif Muna
Trog
Yredelemnul

Shops:
D:4 %=}?   D:7 :}*=%


Innate Abilities, Weirdness & Mutations

You are resistant to torment.
((Your stone body is resilient. (AC +7)))
You are immune to poison.
You resist negative energy. (rN+)
((You are resistant to electric shocks. (rElec)))
((You can survive without breathing.))
You are immune to petrification.
You are immune to rotting.
((You have sharp fingernails.))
((You are partially covered in yellow scales. (AC +2)))
Scrolls take you a little longer to read.
You possess an exceptional clarity of mind.
((Your flesh is cold resistant. (rC+)))


Message History

You block the iguana's attack.
You thump the iguana!
You kill the iguana!
Okawaru accepts your kill.
It was a potion of degeneration.
There was something very wrong with that liquid.
You feel weakened.
You feel dopey.
You feel clumsy. The porcupine closely misses you.
It was a potion of lignification.
You turn into a tree.
Your +5 ring mail melds into your body.
Your roots penetrate the ground.
The porcupine bites you but does no damage.
You block the porcupine's attack.
You barely miss the porcupine.
The porcupine bites you but does no damage.
The porcupine bites you!
* * * LOW HITPOINT WARNING * * *
You feel better.
The porcupine bites you but does no damage.
The porcupine bites you!
You die...

#######..#.#########
#####.#'##
#........#
#........#
#........# ##
######..## ..?####
#..# ♣......#####..#
P...P...†r♣...#
..P.....#####.#
..P....†.# #.#
P.P.P....# #.#
P........# #>#
Y.P.♣..P.# ###
....♣....# ..P
PP..## .. ...[##


You could see a porcupine.

Vanquished Creatures
  Pikel (D:6)
  A hippogriff (D:7)
  Sigmund (D:6)
  4 yaks (D:8)
  A basilisk (D:8)
  A hungry ghost (D:7)
  Edmund (D:4)
  2 porcupines (D:8)
  Duvessa (D:6)
  3 ice beasts
  A slave (D:6)
  A sky beast (D:6)
  3 black bears
  A phantom (D:4)
  2 centaurs
  4 ogres
  3 crocodiles (D:8)
  4 bullfrogs
  Dowan (D:6)
  4 killer bees (D:7)
  2 crimson imps (D:5)
  4 jellies
  3 hounds
  An orc priest (D:7)
  2 orc wizards
  2 bullfrog skeletons
  Jessica (D:3)
  4 iguanas
  3 worker ants
  A hound zombie (D:6)
  2 worker ant zombies
  Robin (D:4)
  4 gnolls (D:3)
  12 adders
  3 shadow imps
  3 oozes
  An adder zombie (D:6)
  An adder skeleton (D:4)
  2 worms
  3 leopard geckos
  15 orcs
  A ball python (D:8)
  3 giant cockroaches
  11 goblins
  12 hobgoblins
  12 jackals
  2 quokkas
  3 bats
  3 frilled lizards
  4 kobolds
  8 rats
169 creatures vanquished.

Vanquished Creatures (others)
  A slave (D:6)
  An orc (D:6)
2 creatures vanquished.

Grand Total: 171 creatures vanquished

Notes
Turn   | Place    | Note
-------+----------+-------------------------------------------
     0 | D:1      | topirishpotato the Gargoyle Fighter began the quest for the
                  | Orb.
     0 | D:1      | Reached XP level 1. HP: 14/14 MP: 1/1
    95 | D:1      | Reached XP level 2. HP: 16/19 MP: 2/2
   568 | D:2      | Reached XP level 3. HP: 14/23 MP: 3/3
   998 | D:2      | Reached XP level 4. HP: 27/29 MP: 4/4
  1360 | D:3      | Found an iron altar of Okawaru.
  1363 | D:3      | Found a bloodstained altar of Trog.
  1366 | D:3      | Found a snail-covered altar of Cheibriados.
  1368 | D:3      | Became a worshipper of Warmaster Okawaru
  1371 | D:3      | Found a white marble altar of Elyvilon.
  1372 | D:3      | Found a burning altar of Makhleb.
  1373 | D:3      | Found a deep blue altar of Sif Muna.
  1409 | D:3      | Found a shadowy altar of Dithmenos.
  1468 | D:3      | Noticed Jessica
  1494 | D:3      | Reached skill level 3 in Maces & Flails
  1505 | D:3      | Killed Jessica
  1625 | D:3      | Found a stormy altar of Qazlal.
  1663 | D:3      | Reached XP level 5. HP: 33/33 MP: 5/5
  1754 | D:3      | Reached skill level 4 in Maces & Flails
  1981 | D:4      | Found Ecraih's Magic Scroll Boutique.
  1994 | D:4      | Found Honaz's Gadget Boutique.
  2027 | D:4      | Bought a scroll of enchant weapon for 97 gold pieces
  2147 | D:4      | Bought a scroll of enchant armour for 97 gold pieces
  2163 | D:4      | Noticed a phantom
  2209 | D:4      | Killed a phantom
  2209 | D:4      | Reached * piety under Okawaru
  2209 | D:4      | Reached XP level 6. HP: 18/38 MP: 6/6
  2455 | D:4      | Noticed Edmund
  2486 | D:4      | Killed Edmund
  2486 | D:4      | Reached skill level 5 in Maces & Flails
  2493 | D:4      | Found Tatukk's Food Boutique.
  2577 | D:4      | Reached XP level 7. HP: 39/44 MP: 7/7
  2632 | D:4      | Reached ** piety under Okawaru
  2698 | D:4      | Noticed Robin
  2720 | D:4      | Killed Robin
  2731 | D:4      | Reached skill level 5 in Armour
  2962 | D:4      | Found Virepiw's Jewellery Shoppe.
  3200 | D:4      | Reached skill level 6 in Maces & Flails
  3315 | D:5      | Entered Level 5 of the Dungeon
  3339 | D:5      | Found a sacrificial altar of Ru.
  3479 | D:5      | Reached skill level 5 in Fighting
  3559 | D:5      | Reached skill level 7 in Maces & Flails
  3559 | D:5      | Reached XP level 8. HP: 49/49 MP: 8/8
  3848 | D:6      | Noticed Duvessa
  3848 | D:6      | Noticed Dowan
  3857 | D:6      | Killed Duvessa
  3857 | D:6      | Reached skill level 8 in Maces & Flails
  3860 | D:6      | Killed Dowan
  3979 | D:6      | Found a staircase to the Ecumenical Temple.
  4004 | D:6      | Reached *** piety under Okawaru
  4213 | D:6      | Reached skill level 9 in Maces & Flails
  4218 | D:6      | Noticed Pikel
  4238 | D:6      | Killed Pikel
  4238 | D:6      | Received a gift from Okawaru
  4238 | D:6      | Reached XP level 9. HP: 50/56 MP: 9/9
  4278 | D:6      | Reached skill level 10 in Maces & Flails
  4416 | D:6      | Noticed Sigmund
  4421 | D:6      | Killed Sigmund
  4498 | D:7      | Reached **** piety under Okawaru
  4542 | D:7      | Found Acuigieff's Food Shop.
  4581 | D:7      | Found Sumesch's Jewellery Boutique.
  4712 | D:7      | Reached skill level 11 in Maces & Flails
  4729 | D:7      | Found Ysufur's General Store.
  4806 | D:7      | Reached XP level 10. HP: 44/63 MP: 10/10
  4845 | D:7      | Found Cyiru's Gadget Shop.
  4857 | D:7      | Found Ycsot's Book Shop.
  5048 | D:8      | Found a basalt altar of Yredelemnul.
  5156 | D:8      | Found a staircase to the Lair.
  5168 | D:8      | Reached ***** piety under Okawaru
  5192 | D:8      | Gained mutation: Your flesh is cold resistant. (rC+)
                  | [potion of mutation]
  5192 | D:8      | Gained mutation: You have a pair of small antennae on your
                  | head. [potion of mutation]
  5192 | D:8      | Gained mutation: You are partially covered in yellow
                  | scales. (AC +2) [potion of mutation]
  5192 | D:8      | Gained mutation: Your spells are a little harder to cast,
                  | but a little more powerful. [potion of mutation]
  5193 | D:8      | Lost mutation: Your spells are a little harder to cast, but
                  | a little more powerful. [potion of mutation]
  5193 | D:8      | Lost mutation: You have a pair of small antennae on your
                  | head. [potion of mutation]
  5193 | D:8      | Gained mutation: You have sharp fingernails. [potion of
                  | mutation]
  5193 | D:8      | Gained mutation: Scrolls take you a little longer to read.
                  | [potion of mutation]
  5193 | D:8      | Gained mutation: You possess an exceptional clarity of
                  | mind. [potion of mutation]
  5219 | D:8      | Reached skill level 12 in Maces & Flails
  5233 | D:8      | HP: 1/96 [porcupine (9)]
  5234 | D:8      | Slain by a porcupine

Skill      XL: |  1  2  3  4  5  6  7  8  9 10 |
---------------+-------------------------------+-----
Shields        | 4 |  4.0
Maces & Flails | 3 4 5 7 9 11 12 | 12.1
Fighting       | 4 5 6 7 8 |  8.2
Armour         | 4 5 6 |  6.6

Action                   |  1- 3 |  4- 6 |  7- 9 | 10-12 || total
-------------------------+-------+-------+-------+-------++-------
Melee: Flail             |    84 |   222 |   309 |   109 ||   724
  Use: Scroll            |       |     3 |       |       ||     3
       Potion            |       |       |       |     7 ||     7
  Eat: Chunk             |       |     5 |    10 |     1 ||    16
Armor: Scale mail        |     7 |       |       |       ||     7
       Ring mail         |    37 |   126 |   195 |    33 ||   391
       Skin              |       |       |       |     3 ||     3
Dodge: Dodged            |    38 |    72 |   164 |    29 ||   303
Block: Shield            |    38 |   131 |   166 |    39 ||   374
